mgv, chaotic male elven Priest ------------ --------------------------------- |...........## -...............................| |........<.|## |.----....-----.----+--..----- | --------.---# |.|..|---.|...-.-..| |..|(((| # # |.|..|((|.|._.|.|..| |..|(((| ### # |.-|-|((|.|...|.---| --.|...| # # .....|..|.|...|..a@+ |.--|-- | # |.{..-|--.----|.aMa| |.(......| ### |.)........-..|+--a-----..----- # |...(-|--..| .| |........-)%%| ### |.-+-|..|.----| ||---....|[%%| | # |.| |..|.-*.)|--|...----.-----.| ### |.| |---.|..)|..|...| +.......| # |.| |....|...|..|...| |.......| ##..----....-----|---------.....{.- |...............................| --------------------------------- mgv the Adept Experience level: 6 Strength: 9 Dexterity: 10 Constitution: 16 Intelligence: 10 Wisdom: 20 Charisma: 11 Health: 0(41) Energy: 79(79) Def: 8 Gold: 904 Moves: 2109 Dungeon seed: ZHZ6b0-T1eVX77nl Game ID: mgv_1552837694 Your Inventory: Coins $ - 904 gold pieces Weapons a - a blessed +1 mace (weapon in hand) Armor e - a +0 robe (being worn) n - a +0 small shield (being worn) z - a +0 orcish helm (being worn) Y - a blessed +2 pair of iron shoes (being worn) Comestibles b - a cursed sprig of wolfsbane c - 2 cloves of garlic d - a sprig of wolfsbane l - a tripe ration x - a food ration X - a cursed clove of garlic Spellbooks j - a cursed spellbook of cure sickness w - a spellbook of extra healing H - a spellbook of force bolt Rings r - a ring of teleport control O - a cursed ring of teleportation Wands i - a wand of striking (0:0) k - a wand of magic missile (0:7) A - a wand of cancellation (0:1) C - a wand of magic missile (0:3) K - a wand of undead turning (0:3) Tools h - a bell o - a bag of holding D - 7 blessed tallow candles (0:200) F - a stethoscope G - a leash W - a magic marker (0:75) Gems q - an obsidian stone y - a worthless piece of yellow glass Contents of the bag of holding: a scroll of create monster a cursed scroll of enchant weapon a cursed scroll of fire a scroll of food detection a scroll of light a scroll of teleportation a cursed scroll of teleportation a spellbook of levitation a spellbook of protection a potion of fruit juice 4 potions of holy water 2 cursed potions of invisibility a cursed potion of levitation a potion of oil a potion of paralysis a potion of see invisible a cursed potion of sleeping 4 potions of unholy water Spells and supernatural/magical abilities: Name Level Category Fail Memory l - light 1 divination 0% 90% p - protection 1 clerical 0% 90% L - levitation 4 escape 89% 97% W - pray for help -- divine ? -- X - turn undead -- divine ? -- Your skills at the end: Fighting Skills Weapon Skills mace [Basic] Spellcasting Skills clerical spells [Basic] Final Attributes: You were piously aligned. You were sleep resistant. You had infravision. You are dead. Vanquished creatures: a ghost a gold golem a dog a gnome mummy 5 gnome lords 4 gnomish wizards a straw golem 5 dwarves a kobold lord 2 hobbits a large kobold a cave spider 17 gnomes 2 Keystone Kops 11 garter snakes a jackal 5 goblins 5 grid bugs 5 lichens 70 creatures vanquished. Voluntary challenges: You were an atheist. You used a wielded weapon 80 times, starting on turn 455. You read items or engraved 57 times, starting on turn 346. You never genocided any monsters. You never polymorphed an object. You never changed form. You used no wishes. You never split a pudding. You wrote Elbereth's name 35 times, starting on turn 346. You never violated your personal moral code. Dungeon overview: The Dungeons of Doom: levels 1 to 3 Level 1 a long staircase Level 2 a fountain Level 3 stairs to The Gnomish Mines The Gnomish Mines: levels 4 to 7 Level 4 stairs to The Dungeons of Doom Level 5 Level 6 Level 7 <- You were here many shops, a temple to Issek, some fountains History has recorded: On T:1 you entered the Dungeons of Doom to retrieve the Amulet of Yendor! On T:139 you reached level 2 of The Dungeons of Doom. On T:383 you reached level 3 of The Dungeons of Doom. On T:450 you reached level 1 of The Gnomish Mines. On T:479 you advanced to experience level 2. On T:664 you advanced to experience level 3. On T:733 you advanced to experience level 4. On T:981 you reached level 2 of The Gnomish Mines. On T:1121 you reached level 3 of The Gnomish Mines. On T:1124 you advanced to experience level 5. On T:1445 you reached level 4 of The Gnomish Mines. On T:1638 you advanced to experience level 6. Score breakdown: Gold: 904 (10057 points) Experience: 6 levels (12456 points) Exploration: 7 levels ( 13.21%) (10190 points) Discoveries: 6 items ( 2.09%) ( 4337 points) Valuables value: (no points given unless you survive) Artifact value: 0 ( 0 points) Variety of kills: 19 monsters ( 4.99%) ( 6699 points) Turncount: 2109 turns ( -79 points) Survival: died (score multiplied by 80%) Total score: 34928 Latest messages: You stop studying. The killer bee misses. The killer bee stings! You feel a wrenching sensation. The killer bee stings! The killer bee just misses! The killer bee stings! The killer bee just misses! The killer bee stings! (5x) You can move again. The killer bee stings! The killer bee misses. You feel threatened. The spellbook crumbles to dust! The kobold mummy hits! The killer bee stings! (4x) The kobold mummy misses. The killer bee just misses! The killer bee misses. The killer bee stings! (4x) You can move again. The kobold mummy hits! The killer bee stings! (2x) You die... Final status: Goodbye mgv the Priest, killed by a killer bee... You died in The Gnomish Mines on dungeon level 7 with 34928 points, and 904 pieces of gold, after 2109 moves. You were level 6 with a maximum of 41 hit points when you died.